 Dungeon Crawl Stone Soup version 0.27.0-1-g7a089689b8 (webtiles) character file.

Game seed: 18265738358406813288

10575 tilp the Basher (level 11, -2/118 (123) HPs)
             Began as an Ogre Delver on Aug 6, 2021.
             Was a Priest of Trog.
             Killed by vampiric draining
             ... invoked by Josephine
              (23 damage)
             ... on level 10 of the Dungeon.
             The game lasted 00:27:11 (15837 turns).

tilp the Basher (Ogre Delver)                      Turns: 15837, Time: 00:27:11

HP:   -2/118 (123)  AC: 16    Str: 21    XL:     11   Next: 64%
MP:   11/11         EV:  1    Int: 11    God:    Trog [***...]
Gold: 34            SH:  0    Dex: 10    Spells: 10/10 levels left

rFire    + . .     SeeInvis +   a - +3 flail (flame)
rCold    + . .     Faith    .   (no shield)
rNeg     . . .     Spirit   .   E - +2 gold dragon scales
rPois    +         Reflect  .   (helmet restricted)
rElec    .         Harm     .   J - +0 cloak
rCorr    .         Rampage  .   (gloves unavailable)
Will     +++..                  (boots unavailable)
Stlth    ..........             p - amulet of regeneration
HPRegen  2.29/turn              x - ring of see invisible
MPRegen  0.12/turn              (no ring)

@: strong-willed, on berserk cooldown, regenerating, slowed, lightly drained,
very slow
A: large, unfitting armour, tough skin 1
a: Renounce Religion, Berserk, Trog's Hand


You were on level 10 of the Dungeon.
You worshipped Trog.
Trog was most pleased with you.
You visited 1 branch of the dungeon, and saw 10 of its levels.
You also visited: Ossuary and Bailey.

You collected 1690 gold pieces.
You spent 1656 gold pieces at shops.

Inventory:

Hand Weapons
 a - a +3 flail of flaming (weapon)
 b - a +0 giant club
 k - a +2 morningstar of pain
Missiles
 i - 5 throwing nets
 j - 12 javelins
 n - 31 poisoned darts (quivered)
 y - 2 curare-tipped darts
 z - 7 silver boomerangs
Armour
 d - a scarf of shadows
 B - the +2 robe "Ofolomap" {rC+}
   (You found it on level 7 of the Dungeon)

   rC:        It protects you from cold.
 E - +2 gold dragon scales (worn)
 J - a +0 cloak (worn)
Jewellery
 p - an amulet of regeneration (around neck)
 x - a ring of see invisible (left hand)
Wands
 g - a wand of digging (3)
 h - a wand of polymorph (10)
 r - a wand of flame (23)
 I - a wand of iceblast (11)
Scrolls
 c - 6 scrolls of fog
 w - 4 scrolls of teleportation
 A - 2 scrolls of fear
 K - a scroll of blinking
Potions
 e - a potion of resistance
 f - a potion of haste
 l - 2 potions of might
 m - a potion of ambrosia {unknown}
 o - 2 potions of cancellation
 q - 4 potions of curing
 s - 2 potions of lignification
 t - 2 potions of berserk rage
 u - a potion of flight {unknown}
 v - a potion of attraction {unknown}
 C - 2 potions of invisibility
 D - 4 potions of mutation
 F - 2 potions of magic {unknown}
 G - 2 potions of experience {unknown}
 H - 3 potions of heal wounds


   Skills:
 - Level 12.0 Fighting
 * Level 12.9 Maces & Flails
 - Level 6.0 Dodging
 - Level 4.0 Stealth


You had 10 spell levels left.
You didn't know any spells.
Your spell library contained the following spells:

 Spells                   Type           Power      Damage    Failure   Level
 Airstrike                Air            0%         N/A       100%        4
 Summon Lightning Spire   Summ/Air       0%         N/A       100%        4
 Lightning Bolt           Conj/Air       0%         1d11      100%        5
 Summon Forest            Summ/Tloc      0%         N/A       100%        5
 Eringya's Noxious Bog    Tmut/Pois      0%         N/A       100%        6
 Summon Hydra             Summ           0%         N/A       100%        7


Dungeon Overview and Level Annotations

Branches:
Dungeon (10/15)            Temple (0/1) D:4            Lair (0/6) D:9
Ossuary (visited)          Bailey (visited)
    Orc: D:9-12

Altars:
Ashenzari
Fedhas
Kikubaaqudgha
Trog
Wu Jian
Yredelemnul
Zin

Shops:
D:1 [   D:2 [*:[   D:3 *   D:4 *   D:5 [*(?!   D:9 ([*?*

Annotations:
D:6 exclusion: two-headed ogre
D:7 Harold
D:9 exclusion: 2 doors
D:10 Josephine


Innate Abilities, Weirdness & Mutations

You are too large for most types of armour.
You have tough skin. (AC +1)


Message History

You are electrocuted!
* * * LOW HITPOINT WARNING * * *
You sock Josephine! You burn Josephine.
Josephine is severely wounded.
You closely miss Josephine.
Josephine is severely wounded.
You hit Josephine. You burn Josephine.
Josephine is severely wounded.
Josephine hits you with a +2 dagger of electrocution.
* * * LOW HITPOINT WARNING * * *
You are electrocuted!
* * * LOW HITPOINT WARNING * * *
Your gold dragon scales prevents you from hitting Josephine.
Josephine is severely wounded.
You barely miss Josephine.
Josephine is severely wounded.
Josephine hits you but does no damage.
You closely miss Josephine.
Josephine is severely wounded.
You are no longer berserk.
You are exhausted.
You feel yourself slow down.
You hit Josephine.
Josephine is almost dead.
Josephine hits you with a +2 dagger of electrocution!
* * * LOW HITPOINT WARNING * * *
Josephine draws life force from you.
* * * LOW HITPOINT WARNING * * *
Josephine is healed by the life force!
Your skin crawls.
You feel strong-willed.
Josephine hits you with a +2 dagger of electrocution.
* * * LOW HITPOINT WARNING * * *
Unknown command.
Okay, then.
Okay, then.
You closely miss Josephine.
Josephine is severely wounded.
Josephine draws life force from you!!
You die...

....###...# ...
...>.....##...
........#...#
####....#......#
..............#
#..##.....# ##.
#.W.......#
....###@#......#
.......@###.##.#
.##.#[.<# .# #
#.....# .#
#.###.# W@ #.
..# W. # #.# ...
#.# #.. #+#


You could see Josephine (strong) and a wraith.

Vanquished Creatures
  A hydra (D:9)
  A skeletal warrior (D:9)
  A manticore (D:9)
  2 wraiths (D:10)
  5 wyverns
  11 yaks
  Eustachio (D:3)
  A basilisk (D:9)
  2 steam dragons (D:7)
  3 water moccasins
  An ice beast (D:7)
  2 black bears (D:9)
  A sky beast (D:7)
  2 necrophages
  The ghost of Mgcat the Sneak, an amateur MiDe (D:5)
  2 wolves (D:9)
  7 centaurs
  2 ogres
  A phantom (D:4)
  3 kobold brigands
  9 gnoll sergeants
  5 bullfrogs
  4 scorpions
  A water moccasin zombie (D:5)
  A wyvern skeleton (D:7)
  A water moccasin skeleton (D:5)
  4 killer bees (D:7)
  A howler monkey (D:9)
  14 wights
  2 centaur zombies
  5 hounds
  2 orc priests
  A bullfrog skeleton (D:6)
  7 gnoll shamans
  2 jellies
  Terence (D:3)
  2 iguanas (D:5)
  5 orc wizards
  A hound skeleton (D:4)
  3 mummies (Ossuary)
  2 howler monkey zombies (D:9)
  25 gnolls
  3 river rats (D:5)
  7 adders
  3 white imps
  2 ufetubi
  2 worms
  3 dart slugs
  20 orcs
  5 endoplasms
  9 giant cockroaches
  A gnoll zombie (Ossuary)
  8 goblins
  9 hobgoblins
  2 jackals (D:5)
  23 kobolds
  7 quokkas
  12 ball pythons
  5 bats
  A frilled lizard (D:1)
  A goblin zombie (Ossuary)
  A hobgoblin zombie (Ossuary)
  3 kobold zombies (Ossuary)
  An orc zombie (Ossuary)
  6 rats
282 creatures vanquished.

Vanquished Creatures (collateral kills)
  A two-headed ogre (D:9)
  An orc warrior (D:9)
  An orc (D:9)
3 creatures vanquished.

Vanquished Creatures (others)
  Prince Ribbit (D:6)
  A black bear (D:6)
  2 hounds (D:6)
  A centaur skeleton (D:6)
  5 fungi (D:9)
  59 plants
69 creatures vanquished.

Grand Total: 354 creatures vanquished

Notes
Turn   | Place    | Note
-------+----------+-------------------------------------------
     0 | D:5      | tilp the Ogre Delver began the quest for the Orb.
     0 | D:5      | Reached XP level 1. HP: 24/24 MP: 1/1
     3 | D:5      | Noticed a water moccasin
    21 | D:4      | Found Siduag's Lightly-Used Armoury.
    61 | D:4      | Found an ornate altar of the Wu Jian Council.
    66 | D:3      | Noticed Terence
   196 | D:2      | Reached XP level 2. HP: 27/32 MP: 2/2
   429 | D:2      | Found Bafeos's Armour Emporium.
   691 | D:2      | Reached XP level 3. HP: 35/39 MP: 3/3
   729 | D:2      | Found Yphocoh's General Store.
   982 | D:2      | Found Itytuo's Armour Boutique.
  1323 | D:1      | Found a faded altar of an unknown god.
  1657 | D:1      | Found Qiurghon's Antique Armour Shoppe.
  2193 | D:2      | Reached XP level 4. HP: 26/43 MP: 4/4
  2323 | D:2      | Found Zaehaa's Book Boutique.
  3262 | D:3      | Noticed a necrophage
  3284 | D:3      | Reached XP level 5. HP: 16/55 MP: 5/5
  3622 | D:3      | Found a basalt altar of Yredelemnul.
  3715 | D:3      | Found a glowing silver altar of Zin.
  3716 | D:3      | Found Zin's Purification Station.
  3956 | D:3      | Reached skill level 5 in Fighting
  4134 | D:3      | Killed a necrophage
  4135 | D:3      | Reached XP level 6. HP: 35/67 MP: 6/6
  4413 | D:3      | Found a bloodstained altar of Trog.
  4677 | D:3      | Became a worshipper of Trog the Wrathful
  4699 | D:4      | Noticed Eustachio
  4719 | D:3      | Killed Eustachio
  4720 | D:3      | Reached XP level 7. HP: 68/75 MP: 7/7
  4831 | D:4      | Found a staircase to the Ecumenical Temple.
  5011 | D:4      | Reached skill level 5 in Maces & Flails
  5533 | D:5      | Reached * piety under Trog
  5755 | D:5      | Found a runed translucent door.
  5762 | D:5      | Found a blossoming altar of Fedhas.
  5776 | D:5      | Reached XP level 8. HP: 47/83 MP: 8/8
  6436 | D:5      | Identified the +5 ring mail of Limited Liability {rN+
                  | Slay+3}
  6546 | D:5      | Found Lisytynei's Antique Weapon Shop.
  6609 | D:5      | Found a broken altar of Ashenzari.
  6780 | D:5      | Found Xetwe's Assorted Antiques.
  6787 | D:5      | Bought a scroll labelled CITSA SINIB for 26 gold pieces
  6787 | D:5      | Bought a scroll labelled PIYBOQ HOBE for 26 gold pieces
  6787 | D:5      | Bought a scroll labelled ESAN AMEFRIEWK for 26 gold pieces
  6793 | D:5      | Found Jyukhon's Armour Emporium.
  6814 | D:5      | Found a runed translucent door.
  6856 | D:5      | Noticed Mgcat's ghost (amateur MiDe)
  6902 | D:5      | Found Viusium's Magic Scroll Shop.
  6912 | D:5      | Found Huuny's Distillery.
  7142 | D:6      | Noticed Prince Ribbit
  7161 | D:6      | HP: 1/83 [Prince Ribbit (17)]
  7193 | D:6      | Killed Prince Ribbit
  8055 | D:6      | Reached XP level 9. HP: 82/92 MP: 9/9
  8396 | D:6      | Noticed a two-headed ogre
  8998 | D:7      | Reached ** piety under Trog
  9540 | D:7      | Found an ancient bone altar of Kikubaaqudgha.
  9559 | D:7      | Reached skill level 5 in Dodging
 10483 | D:7      | Reached skill level 10 in Maces & Flails
 10483 | D:7      | Reached XP level 10. HP: 106/106 MP: 10/10
 10691 | D:7      | Identified the +2 robe "Ofolomap" {rC+}
 10771 | D:7      | Noticed Harold
 10987 | D:8      | Found a sand-covered staircase.
 11013 | Ossuary  | Entered an ossuary
 11257 | D:8      | Found a flagged portal.
 11273 | Bailey   | Entered a bailey
 11289 | Bailey   | Reached *** piety under Trog
 12393 | Bailey   | Identified a scroll of acquirement
 12393 | Bailey   | Acquired 547 gold pieces
 12534 | D:4      | Bought -2 gold dragon scales for 840 gold pieces
 12606 | D:5      | Bought a scroll of enchant armour for 112 gold pieces
 12606 | D:5      | Bought a scroll of enchant armour for 112 gold pieces
 12621 | D:5      | Bought a glowing morningstar for 196 gold pieces
 12672 | D:5      | Killed Mgcat's ghost
 12873 | D:3      | Killed Terence
 13459 | D:8      | Reached skill level 10 in Fighting
 13874 | D:8      | Reached **** piety under Trog
 14024 | D:8      | Reached XP level 11. HP: 114/119 MP: 11/11
 14162 | D:9      | Found Golac's Antique Weapon Emporium.
 14253 | D:9      | Noticed a two-headed ogre
 14407 | D:9      | Found Fitwoij's Assorted Antiques.
 14414 | D:9      | Bought a scroll labelled LODGHO YCSO for 27 gold pieces
 14414 | D:9      | Bought a viscous green potion for 24 gold pieces
 14414 | D:9      | Bought a scroll labelled BUNAS ETHRUTSO for 27 gold pieces
 14497 | D:9      | Found Deim's Magic Scroll Shoppe.
 14522 | D:9      | Killed a two-headed ogre
 14662 | D:9      | Bought a scroll of enchant armour for 120 gold pieces
 14822 | D:9      | Found Otimm's Armour Shop.
 15003 | D:9      | Noticed a seven-headed hydra
 15011 | D:9      | Killed a seven-headed hydra
 15060 | D:9      | Found a staircase to the Lair.
 15217 | D:9      | Found Fagraw's Assorted Antiques.
 15249 | D:9      | Noticed a catoblepas
 15254 | D:9      | Noticed a skeletal warrior
 15270 | D:9      | Killed a skeletal warrior
 15322 | D:9      | Noticed a manticore
 15341 | D:9      | Killed a manticore
 15612 | D:9      | Bought a scroll of blinking for 120 gold pieces
 15791 | D:10     | Entered Level 10 of the Dungeon
 15802 | D:10     | Noticed Josephine
 15837 | D:10     | Killed from afar by Josephine

Illustrated notes

Levels and vault maps discovered:
D:1:      dpeg_arrival_three_bigger_balls, layout_rooms, serial_shops, shop,
          shapermc_ecumenical_altar_venn
D:2:      layout_basic, serial_shops, shop, shop, shop_fountains, shop,
          minmay_door_square
D:3:      layout_basic, lemuel_doored_altar, mainiacjoe_overflow_chevrons,
          zin_purify, minmay_misc_feat_plants, serial_bayou_ford_a,
          grunt_ministairs_10, serial_bayou_pond_c, uniq_terence
D:4:      layout_cave_pools, nzn_wu_jian_contemplation,
          minmay_temple_entry_hall, minmay_misc_feat_alley, minmay_shop_damaged,
          grunt_ministairs_10, chequers_serial_rivers_small_a, uniq_eustachio
D:5:      layout_basic, general_overflow_altar, nicolae_ashenzari_panopticon,
          portal_sewer_entry_c, ebering_ghost_sewer_f, serial_shops,
          nicolae_shop_behind_doors, nicolae_shop_statue_plus,
          nicolae_shop_temple_entry_statues_fountains, shop,
          nicolae_take_the_stairs, minmay_diced_spiral
D:6:      layout_loops_ring, minivault_26, lemuel_flamethrower_2,
          uniq_prince_ribbit1
D:7:      layout_gridville, mainiacjoe_overflow_catwalk, uniq_harold
D:8:      layout_gridville, enter_bailey_3, nicolae_ossuary_entry_ruins
D:9:      minmay_chambers_of_sixes, layout_long_grid, minmay_lair_entry_grove,
          serial_shops, nicolae_shop_window_shopping, nicolae_stop_n_shop_2,
          shop, shop, nicolae_shop_statue_plus
D:10:     layout_basic, vehumet_crystals, amcnicky_altar_gilded,
          kennysheep_mini_moat, mainiacjoe_overflow_paths, uniq_joseph,
          uniq_snorg, uniq_josephine

Skill      XL: |  1  2  3  4  5  6  7  8  9 10 11 |
---------------+----------------------------------+-----
Maces & Flails | 2 3 4 6 8 10 11 12 | 12.9
Dodging        | 2 3 4 5 6 |  6.0
Stealth        | 4 |  4.0
Fighting       | 5 6 8 10 12 | 12.0

Action                   |  1- 3 |  4- 6 |  7- 9 | 10-12 || total
-------------------------+-------+-------+-------+-------++-------
Melee: War axe           |    89 |    69 |       |       ||   158
       Mace              |     1 |       |       |       ||     1
       Flail             |       |    70 |   256 |   420 ||   746
Throw: Dart              |       |     9 |    22 |     7 ||    38
       Javelin           |       |     1 |     2 |       ||     3
Invok: Berserk           |       |       |    10 |    23 ||    33
       Trog's Hand       |       |       |       |     9 ||     9
       Brothers in Arms  |       |       |       |     2 ||     2
  Use: Scroll            |     7 |     1 |    10 |    10 ||    28
       Potion            |       |     2 |     2 |       ||     4
 Stab: Sleeping          |     5 |     4 |     4 |     6 ||    19
Armor: Robe              |    26 |    32 |    44 |    29 ||   131
       Gold dragon scale |       |       |       |   236 ||   236
Dodge: Dodged            |    36 |    66 |   128 |    94 ||   324
